 Dungeon Crawl Stone Soup version 0.20-a0-446-g9649680 (webtiles) character file.

23 Kriby the Magician (level 2, 0/19 HPs)
             Began as a Mummy Fire Elementalist on Jan 7, 2017.
             Slain by a kobold (2 damage)
             ... on level 2 of the Dungeon.
             The game lasted 00:00:59 (840 turns).

Kriby the Magician (Mummy Fire Elementalist)         Turns: 840, Time: 00:00:59

Health: 0/19       AC:  2    Str: 11    XL:     2   Next: 75%
Magic:  1/6        EV: 12    Int: 14    God:
Gold:   26         SH:  0    Dex: 12    Spells: 6/7 levels left

rFire  x . .     SeeInvis .     (no weapon)
rCold  + . .     Gourm    .     a - +0 robe
rNeg   + + +     Faith    .     (no shield)
rPois  ∞         Spirit   .     (no helmet)
rElec  .         Reflect  .     (no cloak)
rCorr  .         Harm     .     (no gloves)
MR     .....     Rnd*Tele +     (no boots)
Stlth  ++........               (no amulet)
                                (no ring)
                                d - ring of teleportation (curse)

@: no status effects
A: no food or potions, fire vulnerability, cold resistance 1, negative energy
resistance 3, torment resistance, unbreathing
a: no special abilities


You were on level 2 of the Dungeon.
You were not hungry.

You visited 1 branch of the dungeon, and saw 2 of its levels.

You collected 26 gold pieces.

Inventory:

Armour
 a - a +0 robe (worn)
Jewellery
 d - a cursed ring of teleportation (left hand)
Books
 b - a book of Flames

   Spells                             Type                      Level
   a - Flame Tongue                   Conjuration/Fire             1
   b - Throw Flame                    Conjuration/Fire             2
   c - Conjure Flame                  Conjuration/Fire             3
   d - Inner Flame                    Hexes/Fire                   3
   e - Sticky Flame                   Conjuration/Fire             4
   f - Fireball                       Conjuration/Fire             5


   Skills:
 - Level 1.5 Dodging
 - Level 1.5 Stealth
 * Level 3.4 Spellcasting
 * Level 1.6 Conjurations
 + Level 2.5 Fire Magic


You had 6 spell levels left.
You knew the following spells:

 Your Spells              Type           Power        Failure   Level  Hunger
a - Flame Tongue          Conj/Fire      #....        12%         1    N/A

Dungeon Overview and Level Annotations

Branches:
Dungeon (2/15)

Altars:
Gozag


Innate Abilities, Weirdness & Mutations

You do not eat or drink.
Your flesh is vulnerable to fire.
You are immune to poison.
Your flesh is cold resistant. (rC+)
You are immune to negative energy. (rN+++)
You are immune to unholy pain and torment.
You can survive without breathing.


Message History

You hit the hobgoblin but do no damage.
The hobgoblin is heavily wounded.
The hobgoblin hits you.
* * * LOW HITPOINT WARNING * * *
The kobold hits you but does no damage.
You barely miss the hobgoblin.
The hobgoblin is heavily wounded.
The kobold barely misses you. The hobgoblin closely misses you.
You barely miss the hobgoblin.
The hobgoblin is heavily wounded.
The kobold hits you.
* * * LOW HITPOINT WARNING * * *
The hobgoblin misses you.
You hit the hobgoblin.
The hobgoblin is severely wounded.
The kobold misses you. The hobgoblin closely misses you.
You hit the hobgoblin but do no damage.
The hobgoblin is severely wounded.
The kobold hits you.
You die...

####### ..... ....
# ..# #. #g# #..
#@# #...##K# #
##...##l#### . .
......$....# ..
#.##...##.##.#...
.##.##...#.........
............(...##.
.........#....#.#
.......†(.....# #


You could see a leopard gecko, a hobgoblin and a kobold.

Vanquished Creatures
  A worm (D:2)
  A dart slug (D:1)
  2 leopard geckos
  2 bats (D:1)
  A giant cockroach (D:2)
  2 goblins
  2 hobgoblins (D:1)
  2 kobolds (D:1)
  A frilled lizard (D:1)
  3 rats
17 creatures vanquished.

Notes
Turn   | Place    | Note
-------+----------+-------------------------------------------
     0 | D:1      | Kriby the Mummy Fire Elementalist began the quest for the Orb.
     0 | D:1      | Reached XP level 1. HP: 13/13 MP: 4/4
    61 | D:1      | Reached skill level 1 in Conjurations
   342 | D:1      | Reached skill level 3 in Spellcasting
   403 | D:1      | Reached XP level 2. HP: 19/19 MP: 4/6
   810 | D:2      | Found an opulent altar of Gozag.
   840 | D:2      | Slain by a kobold

Vault maps used:
D:1:      lightli_arrival_farm, glass_columns_a
D:2:      nicolae_qazlal_style_of_elements, zin_angel, overflow_temple_1_default

Skill      XL: |  1 |
---------------+----+-----
Conjurations   | 1 |  1.6
Spellcasting   | 3 |  3.4
Dodging        | |  1.5
Stealth        | |  1.5
Fire Magic     | |  2.5

Action                   || total
-------------------------++-------
Melee: Unarmed           ||    12
 Cast: Flame Tongue      ||    26
  Use: Scroll            ||     2
Armor: Robe              ||     3
Dodge: Dodged            ||    29
